 Dungeon Crawl Stone Soup version 0.27-a0-1273-gec92ba881d (webtiles) character file.

Game seed: 17444259644580298242

413 mordus the Poker (level 6, -4/51 HPs)
             Began as a Draconian Monk on June 11, 2021.
             Succumbed to Edmund's poison
             ... on level 4 of the Dungeon.
             The game lasted 00:03:35 (3820 turns).

mordus the Poker (Draconian Monk)                   Turns: 3820, Time: 00:03:35

Health: -4/51      AC:  6    Str: 15    XL:     6   Next: 59%
Magic:  6/6        EV: 13    Int: 11    God:
Gold:   146        SH:  0    Dex: 13    Spells: 5/5 levels left

rFire    + . .     SeeInvis .   a - +0 spear
rCold    + . .     Faith    .   (no shield)
rNeg     . . .     Spirit   .   (armour unavailable)
rPois    .         Reflect  .   (helmet restricted)
rElec    .         Harm     .   e - scarf {rC+ rF+}
rCorr    .         Rampage  .   (no gloves)
Will     .....                  (no boots)
Stlth    ++........             (no amulet)
HPRegen  0.17/turn              (no ring)
MPRegen  0.10/turn              (no ring)

@: lethally poisoned (-4 -> -39)
A: AC +6, unfitting armour, cold-blooded
a: no special abilities


You were on level 4 of the Dungeon.
You visited 1 branch of the dungeon, and saw 4 of its levels.

You collected 146 gold pieces.

Inventory:

Hand Weapons
 a - a +0 spear (weapon)
Armour
 e - a scarf of resistance (worn)
Jewellery
 c - a ring of flight
 g - a ring of fire
Scrolls
 b - 5 scrolls of identify {unknown}
 d - 4 scrolls of fog {unknown}
 f - a scroll of fear {unknown}
 l - a scroll of blinking {unknown}
Potions
 h - 5 potions of heal wounds {unknown}
 i - a potion of curing {unknown}
 j - a potion of degeneration {unknown}
 k - a potion of flight {unknown}


   Skills:
 - Level 3.2 Fighting
 * Level 6.4 Polearms
 + Level 4.4 Dodging
 - Level 1.7 Stealth


You had 5 spell levels left.
You didn't know any spells.
Your spell library was empty.

Dungeon Overview and Level Annotations

Branches:
Dungeon (4/15)
 Temple: D:4-7

Altars:

Annotations:
D:4 Edmund


Innate Abilities, Weirdness & Mutations

Your plain brown scales are hard. (AC +6)
You cannot fit into any form of body armour.
You are cold-blooded and may be slowed by cold attacks.


Message History

Sigmund barely misses you.
You closely miss Sigmund.
Sigmund is severely wounded.
Sigmund hits you with a +0 scythe.
You closely miss Sigmund.
Your tail-slap misses Sigmund.
Sigmund is severely wounded.
Sigmund gestures wildly while chanting.
Sigmund flickers and vanishes!
Deactivating autopickup; reactivate with Ctrl-A.
You hit something. You tail-slap something. Something hits you!
* * * LOW HITPOINT WARNING * * *
You hit something.
Reactivating autopickup.
You feel a bit more experienced.
Your Polearms skill increases to level 6!
You have reached level 6!
Your experience leads to an increase in your attributes!
Increase (S)trength, (I)ntelligence, or (D)exterity?
You feel stronger.
Your scales feel tougher.
Things that are here:
a +0 scythe; a +0 robe You start resting.
HP restored.
Edmund the Younger comes into view.
He is wielding a +1 flail of venom.
Edmund shouts!
Edmund gestures with his flail.
Edmund drinks a potion.
Edmund goes berserk!
Edmund hits you with a +1 flail of venom!
You are poisoned.
You feel very sick.
You feel very sick.
Edmund hits you with a +1 flail of venom.
You are more poisoned.
You feel very sick.
* * * LOW HITPOINT WARNING * * *
You feel very sick.
Edmund hits you with a +1 flail of venom!
* * * LOW HITPOINT WARNING * * *
You are more poisoned.
You die...

####....################
#....#..#....)≈#....#
#...P#........≈# ...#
#....#..###.######..#
#..###.##[#.........#
##.#...#...........##
#†#...............[#
#.#########..#######
#......@.@..........
############........
#########


You could see Edmund (berserk).

Vanquished Creatures
  Sigmund (D:4)
  A centaur skeleton (D:4)
  An orc priest (D:3)
  2 hounds
  An iguana (D:4)
  An orc wizard (D:3)
  3 adders (D:3)
  A worm (D:2)
  4 orcs (D:3)
  2 ball pythons
  6 bats
  2 endoplasms (D:4)
  2 giant cockroaches (D:4)
  5 hobgoblins
  11 jackals
  4 kobolds
  A quokka (D:1)
  A frilled lizard (D:1)
  4 goblins
  A rat (D:1)
54 creatures vanquished.

Notes
Turn   | Place    | Note
-------+----------+-------------------------------------------
     0 | D:1      | mordus the Draconian Monk began the quest for the Orb.
     0 | D:1      | Reached XP level 1. HP: 19/19 MP: 1/1
   420 | D:1      | Reached XP level 2. HP: 26/26 MP: 2/2
   449 | D:1      | Found a faded altar of an unknown god.
  1121 | D:2      | Reached XP level 3. HP: 8/31 MP: 3/3
  1411 | D:2      | Reached skill level 4 in Polearms
  1554 | D:3      | Reached XP level 4. HP: 12/38 MP: 4/4
  2220 | D:3      | Reached skill level 5 in Polearms
  2571 | D:3      | Reached XP level 5. HP: 45/45 MP: 5/5
  3545 | D:4      | Noticed Sigmund
  3569 | D:4      | Killed Sigmund
  3570 | D:4      | Reached skill level 6 in Polearms
  3570 | D:4      | Reached XP level 6. HP: 12/51 MP: 6/6
  3810 | D:4      | Noticed Edmund
  3820 | D:4      | Succumbed to Edmund's poison

Illustrated notes

Levels and vault maps discovered:
D:1:      lightli_arrival_noodles, layout_loops_corners,
          ebering_ecumenical_altar_rust, nrook_loot_triangle
D:2:      layout_basic, basic_altar, dk_noncrumbling_2, minmay_quantized,
          uniq_robin, uniq_jessica
D:3:      layout_basic
D:4:      layout_basic, gammafunk_ghost_grave, hangedman_abyss_or_decor_stabs,
          sigmund_edmund_badplayer

Skill      XL: |  1  2  3  4  5 |
---------------+----------------+-----
Dodging        | 3 4 |  4.4
Polearms       | 4 5 6 |  6.4
Fighting       | |  3.2
Stealth        | |  1.7

Action                   |  1- 3 |  4- 6 || total
-------------------------+-------+-------++-------
Melee: Spear             |   114 |   180 ||   294
       Tailslap          |    11 |    20 ||    31
 Stab: Sleeping          |     5 |     3 ||     8
Armor: Skin              |    38 |    46 ||    84
Dodge: Dodged            |    75 |   156 ||   231

Table legend: (Time is in decaauts)
 A = Elapsed time spent in this place.
 B = Non-inter-level travel time spent in this place.
 C = Inter-level travel time spent in this place.
 D = Time resting spent in this place.
 E = Time spent auto-exploring this place.
 F = Levels seen in this place.
 G = Mean time per level.
                   A        B        C        D        E       F      G
               +--------+--------+--------+--------+--------+-----+--------+
         Total |   3784 |   3698 |     86 |    873 |   2344 |   4 |  946.0 |
       Dungeon |   3784 |   3698 |     86 |    873 |   2344 |   4 |  946.0 |
               +--------+--------+--------+--------+--------+-----+--------+

Top non-repeatable levels by time:
     D:3: 1249 daAuts
     D:1: 1053 daAuts
     D:4: 1041 daAuts
     D:2: 439 daAuts
